 Dungeon Crawl Stone Soup version 0.20-a0-640-g62ed22f (webtiles) character file.

1600 AlphabetPasta the Purveyor of Pain (level 9, -8/54 HPs)
             Began as a Halfling Necromancer on Feb 12, 2017.
             Was an Initiate of Kikubaaqudgha.
             Mangled by an ogre
             ... wielding a +0 giant club
              (26 damage)
             ... on level 6 of the Dungeon.
             The game lasted 00:33:06 (5976 turns).

AlphabetPasta the Purveyor of Pain (HaNe)           Turns: 5976, Time: 00:33:06

Health: -8/54      AC:  4    Str: 14    XL:     9   Next: 15%
Magic:  9/15       EV: 15    Int: 16    God:    Kikubaaqudgha [......]
Gold:   325        SH:  0    Dex: 15    Spells: 4/16 levels left

rFire    . . .     SeeInvis .   h - +1 dagger (venom)
rCold    . . .     Gourm    .   a - +0 robe
rNeg     . . .     Faith    .   (shield restricted)
rPois    .         Spirit   .   d - +1 helmet
rElec    .         Reflect  .   (no cloak)
rCorr    .         Harm     .   (no gloves)
MR       .....                  (no boots)
Stlth    ++........             m - amulet of magic regeneration
Regen    0.2/turn               (no ring)
MPRegen  0.3/turn               p - +5 ring of strength

@: no status effects
A: mutation resistance 1
a: Renounce Religion


You were on level 6 of the Dungeon.
You worshipped Kikubaaqudgha.
Kikubaaqudgha was noncommittal.
You were hungry.

You visited 2 branches of the dungeon, and saw 7 of its levels.

You collected 325 gold pieces.

Inventory:

Hand Weapons
 e - a +0 short sword
 h - a +1 dagger of venom (weapon)
 u - a +1 rapier of distortion
Armour
 a - a +0 robe (worn)
 d - a +1 helmet (worn)
Jewellery
 m - an amulet of magic regeneration (around neck)
 p - a +5 ring of strength (left hand)
Wands
 r - a wand of flame (44/48)
Scrolls
 g - 7 scrolls of identify
 i - 3 scrolls of teleportation
 j - a scroll of blinking
 q - 3 scrolls of enchant armour
 s - a scroll of magic mapping
Potions
 f - 2 potions of curing
 k - a potion of haste
 t - a potion of heal wounds
Books
 b - a book of Necromancy

   Spells                             Type                      Level
   a - Pain                           Necromancy                   1
   b - Animate Skeleton               Necromancy                   1
   c - Vampiric Draining              Necromancy                   3
   d - Regeneration                   Charms/Necromancy            3
   e - Animate Dead                   Necromancy                   4
   f - Control Undead                 Necromancy                   4
Comestibles
 c - 4 bread rations
 l - 5 chunks of flesh
 n - 3 meat rations
 o - 9 fruits


   Skills:
 + Level 2.1 Fighting
 - Level 3.4 Short Blades
 - Level 2.1 Dodging
 - Level 3.0 Stealth
 + Level 4.0 Spellcasting
 + Level 4.0 Charms
 * Level 6.9 Necromancy
 - Level 2.0 Evocations


You had 4 spell levels left.
You knew the following spells:

 Your Spells              Type           Power        Failure   Level  Hunger
a - Pain                  Necr           ####         1%          1    None
b - Animate Skeleton      Necr           N/A          1%          1    None
c - Vampiric Draining     Necr           ####......   2%          3    ###....
d - Regeneration          Chrm/Necr      ###.......   6%          3    ###....
e - Animate Dead          Necr           N/A          12%         4    ####...


Dungeon Overview and Level Annotations

Branches:
Dungeon (6/15)             Temple (1/1) D:5

Altars:
Ashenzari
Cheibriados
Dithmenos
Elyvilon
Fedhas
Gozag
Hepliaklqana
Kikubaaqudgha
Makhleb
Nemelex Xobeh
Okawaru
Ru
Sif Muna
Trog
Uskayaw
Xom
Yredelemnul
Zin
The Shining One


Innate Abilities, Weirdness & Mutations

You are small and have problems with some larger weapons.
You are somewhat resistant to further mutation.


Message History

Ouch! That really hurt!
* * * LOW HITPOINT WARNING * * *
Casting: Pain
Confirm with . or Enter, or press ? or * to list all spells.
Aiming: Vampiric Draining
Press: ? - help, Shift-Dir - straight line, f - ogre
Aim: an ogre, wielding a giant club The ogre is moderately wounded.
You feel life coursing into your body.
Casting: Vampiric Draining
Confirm with . or Enter, or press ? or * to list all spells.
Aiming: Vampiric Draining
Press: ? - help, Shift-Dir - straight line, f/p - ogre
Aim: an ogre, wielding a giant club (moderately wounded)
The ogre is heavily wounded.
You feel life coursing into your body.
You are feeling hungry.
The ogre hits you with a giant club!!
You die...
Kikubaaqudgha rasps: "You have failed me!
Welcome... death!"

.# #.##.# #.# ## #.##.#
#.# ########.##.#
#######.# #....).).##.#
#.......# #.#########.#
#.####### #.# #.# #.# #.#
#!# #.# #.# #.# #.#####
#.# #@# #.)...# #?# #O#
#####.# #.# #.. ..##!# #.#
#### #.##.# #.# ##.##.#
#># #########...#.#
######.#####.............#
.............#######...###
...)...####..# ##.##


You could see an ogre.

Vanquished Creatures
  Sigmund (D:3)
  An ice beast (D:5)
  A phantom (D:4)
  6 ogres
  A black bear (D:5)
  2 bullfrogs
  A scorpion (D:5)
  A crimson imp (D:6)
  3 hounds
  An orc wizard (D:4)
  2 iguanas
  10 adders
  2 howler monkey skeletons (D:4)
  2 shadow imps (D:5)
  An ooze (D:3)
  An adder skeleton (D:6)
  2 dart slugs
  A leopard gecko (D:5)
  13 orcs
  2 ball pythons
  5 bats
  6 giant cockroaches
  8 goblins
  6 hobgoblins
  A quokka (D:6)
  6 frilled lizards
  4 kobolds
  A leopard gecko skeleton (D:5)
  7 rats
98 creatures vanquished.

Vanquished Creatures (collateral kills)
  Blork the orc (D:4)
  A centaur skeleton (D:4)
2 creatures vanquished.

Grand Total: 100 creatures vanquished

Notes
Turn   | Place    | Note
-------+----------+-------------------------------------------
     0 | D:1      | AlphabetPasta the Halfling Necromancer began the quest for the Orb.
     0 | D:1      | Reached XP level 1. HP: 11/11 MP: 3/3
   433 | D:1      | Reached XP level 2. HP: 12/17 MP: 0/4
   436 | D:1      | Learned a level 1 spell: Animate Skeleton
  1374 | D:1      | Reached XP level 3. HP: 12/21 MP: 0/5
  1379 | D:1      | Learned a level 3 spell: Vampiric Draining
  1534 | D:2      | Found a shadowy altar of Dithmenos.
  1662 | D:1      | Reached skill level 4 in Necromancy
  2011 | D:1      | Reached skill level 1 in Short Blades
  2275 | D:2      | Found a hazy altar of Hepliaklqana.
  2282 | D:2      | Found a sacrificial altar of Ru.
  2342 | D:2      | Reached XP level 4. HP: 27/27 MP: 6/6
  2361 | D:2      | Found a glowing silver altar of Zin.
  2361 | D:2      | Found a basalt altar of Yredelemnul.
  2850 | D:3      | Noticed Sigmund
  2870 | D:3      | Killed Sigmund
  2870 | D:3      | Reached skill level 1 in Fighting
  2870 | D:3      | Reached XP level 5. HP: 21/34 MP: 8/8
  2870 | D:3      | Reached XP level 6. HP: 24/39 MP: 9/9
  3072 | D:3      | Noticed an ogre
  3082 | D:3      | Killed an ogre
  3082 | D:3      | Reached skill level 5 in Necromancy
  3087 | D:3      | Learned a level 3 spell: Regeneration
  3285 | D:3      | Reached XP level 7. HP: 31/45 MP: 11/11
  3536 | D:4      | Reached skill level 1 in Charms
  3571 | D:4      | Learned a level 4 spell: Animate Dead
  3599 | D:4      | Found a shimmering altar of Xom.
  4053 | D:4      | Noticed Blork the orc
  4086 | D:4      | Killed Blork the orc
  4086 | D:4      | Reached XP level 8. HP: 33/50 MP: 7/13
  4446 | D:5      | Entered Level 5 of the Dungeon
  4487 | D:5      | Reached skill level 6 in Necromancy
  4599 | D:5      | Found a staircase to the Ecumenical Temple.
  4606 | Temple   | Entered the Ecumenical Temple
  4621 | Temple   | Became a worshipper of Kikubaaqudgha
  4799 | D:5      | Reached skill level 1 in Evocations
  5156 | D:5      | Found a hazy altar of Hepliaklqana.
  5715 | D:6      | Reached XP level 9. HP: 47/54 MP: 14/14
  5976 | D:6      | Mangled by an ogre

Vault maps used:
D:1:      dpeg_arrival_rooms_b
D:2:      nicolae_dithmenos_shadow_blocks, gammafunk_temple_overflow_statue,
          amethyst_overflow_temple_binary
D:3:      uniq_sigmund
D:4:      xom_butterflies, uniq_blork_the_orc
D:5:      temple_green, first_bread, basic_altar, grunt_ministairs_7,
          minmay_misc_feat_enclosed
Temple:   dshaligram_water_room_temple

Skill      XL: |  1  2  3  4  5  6  7  8  9 |
---------------+----------------------------+-----
Necromancy     | 4 5 6 |  6.9
Short Blades   | 1 2 3 |  3.4
Spellcasting   | 2 3 4 |  4.0
Fighting       | 1 2 |  2.1
Charms         | 2 3 4 |  4.0
Evocations     | 2 |  2.0
Stealth        | 3 |  3.0
Dodging        | |  2.1

Action                   |  1- 3 |  4- 6 |  7- 9 || total
-------------------------+-------+-------+-------++-------
Melee: Unarmed           |    10 |       |       ||    10
       Short sword       |    15 |       |    10 ||    25
       Dagger            |     6 |    39 |   142 ||   187
 Cast: Pain              |    61 |    12 |    49 ||   122
       Animate Skeleton  |     3 |       |       ||     3
       Animate Dead      |       |       |     3 ||     3
       Vampiric Draining |       |       |     2 ||     2
Evoke: Wand              |       |     2 |    20 ||    22
  Use: Scroll            |     8 |     2 |     7 ||    17
       Potion            |     2 |     2 |       ||     4
 Stab: Sleeping          |     6 |     5 |    11 ||    22
       Invisible         |       |     3 |       ||     3
  Eat: Chunk             |     3 |     3 |     7 ||    13
       Royal jelly       |     1 |       |     1 ||     2
       Fruit             |     1 |       |       ||     1
Armor: Robe              |    12 |     3 |    10 ||    25
       Skin              |     1 |       |       ||     1
Dodge: Dodged            |    29 |    25 |    84 ||   138
